 Dungeon Crawl Stone Soup version 0.30-a0-591-g3c58d2bc28 (webtiles) character file.

Game seed: 11337403398947963226

669 Oxelix the Cleaver (level 7, -3/85 HPs)
             Began as a Minotaur Berserker on Jan 6, 2023.
             Was a Priest of Trog.
             Slain by a gnoll
             ... wielding a +0 spear
              (6 damage)
             ... on level 4 of the Dungeon.
             The game lasted 00:04:12 (3328 turns).

Oxelix the Cleaver (Minotaur Berserker)             Turns: 3328, Time: 00:04:12

Health: -3/85      AC:  6    Str: 23    XL:     7   Next: 32%
Magic:  6/6        EV: 11    Int:  4    God:    Trog [***...]
Gold:   209        SH:  0    Dex: 10    Spells: 6/6 levels left

rFire   . . .      SeeInvis .    p - +0 war axe
rCold   . . .      Faith    .    (no shield)
rNeg    . . .      Spirit   .    d - +0 ring mail
rPois   .          Reflect  .    (helmet restricted)
rElec   .          Harm     .    (no cloak)
rCorr   .          Rampage  .    (no gloves)
Will    ++...                    n - +0 pair of boots Stlth
                                 (no amulet)
HPRegen 1.34/turn                (no ring)
MPRegen 0.10/turn                (no ring)

@: berserking, strong-willed, regenerating, very quick
A: horns 2, retaliatory headbutt
a: Renounce Religion, Berserk, Trog's Hand


You were on level 4 of the Dungeon.
You worshipped Trog.
Trog was most pleased with you.
You visited 2 branches of the dungeon, and saw 5 of its levels.

You collected 209 gold pieces.

Inventory:

Hand Weapons
 a - a +0 hand axe
 p - a +0 war axe (weapon)
Missiles
 s - 6 silver javelins (quivered)
 y - a throwing net
Armour
 d - a +0 ring mail (worn)
 n - a +0 pair of boots (worn)
Jewellery
 v - a +5 ring of evasion
Wands
 w - a wand of mindburst (5)
Scrolls
 b - a scroll of immolation {unknown}
 e - a scroll of brand weapon {unknown}
 f - 6 scrolls of identify {unknown}
 h - a scroll of poison {unknown}
 i - 4 scrolls of enchant weapon {unknown}
 j - a scroll of enchant armour {unknown}
 k - a scroll of magic mapping {unknown}
 m - 4 scrolls of noise {unknown}
 o - a scroll of blinking {unknown}
Potions
 c - 2 potions of heal wounds {unknown}
 g - 2 potions of flight {unknown}
 l - 2 potions of degeneration {unknown}
 q - 2 potions of curing {unknown}
 r - a potion of mutation {unknown}
 t - a potion of lignification {unknown}
 u - 2 potions of magic {unknown}
 x - a potion of haste {unknown}


   Skills:
 - Level 3.6 Fighting
 * Level 10.3 Axes
 - Level 2.4 Armour
 - Level 2.1 Dodging


You had 6 spell levels left.
You didn't know any spells.
Your spell library was empty.

Dungeon Overview and Level Annotations

Branches:
Dungeon (4/15)             Temple (1/1) D:4

Altars:
Ashenzari
Cheibriados
Elyvilon
Fedhas
Gozag
Hepliaklqana
Kikubaaqudgha
Makhleb
Nemelex Xobeh
Okawaru
Qazlal
Ru
Sif Muna
Trog
Uskayaw
Vehumet
Wu Jian
Yredelemnul
Zin
The Shining One


Innate Abilities, Weirdness & Mutations

You have a pair of horns on your head.
You reflexively headbutt those who attack you in melee.


Message History

Something hits you.
You see here a jackal corpse.
The orc attacks as you move away! The orc hits you but does no damage.
Something hits you but does no damage.
Your skin crawls.
You feel strong-willed. The orc barely misses you. The gnoll barely misses you.
Something hits you but does no damage.
A red film seems to cover your vision as you go berserk!
You feel yourself moving faster!
You feel mighty! The orc hits you but does no damage.
The gnoll hits you from afar with a +0 halberd!
* * * LOW HITPOINT WARNING * * *
You hear some strange, mumbled words.
Something tries to affect you, but you resist.
You barely miss the orc. You closely miss something. You slash the orc!
You kill the orc!
Trog accepts your kill.
You closely miss the orc. The orc closely misses you.
The gnoll hits you from afar with a +0 spear.
* * * LOW HITPOINT WARNING * * *
The orc hits you with a +0 hand axe.
* * * LOW HITPOINT WARNING * * *
The gnoll closely misses you.
You closely miss the orc. You slash the orc!
You kill the orc!
Trog accepts your kill.
You barely miss something. Something hits you.
* * * LOW HITPOINT WARNING * * *
The orc closely misses you.
The gnoll hits you from afar with a +0 spear!
* * * LOW HITPOINT WARNING * * *
You slice the orc!!
You kill the orc!
Trog accepts your kill.
You miss something.
The gnoll hits you from afar with a +0 halberd.
* * * LOW HITPOINT WARNING * * *
Something hits you but does no damage. The gnoll hits you with a +0 spear.
You die...

# #....# # #....# .. #+# #....#
#'
..#############''''#############.
oo#............................#.
###~~~~≈~≈~~~~~....~~~~~~~≈~~≈~##
≈≈≈≈≈≈≈≈≈≈≈~≈≈~)...~≈≈≈≈≈~≈≈≈≈≈≈≈
~~≈≈~~~≈~≈~~~~~ogg.~~≈≈~~~~≈~~~~~
...............{@)...............
###..........###.)...........####
#...........###............##
#....))......##...........##
##..........÷)##.#........## ###
#..>..........#..##......## ###..
##...............##.....## ##....
##.............####...## ##.....
##............## ##### ##......


You could see 2 gnolls and an orc.

Vanquished Creatures
  A black bear (D:4)
  A phantom (D:4)
  A scorpion (D:4)
  2 howler monkeys (D:4)
  3 hounds
  An orc priest (D:3)
  An iguana (D:4)
  An orc wizard (D:3)
  7 adders
  A gnoll (D:4)
  An ufetubus (D:4)
  2 worms
  A dart slug (D:4)
  18 orcs
  11 endoplasms
  A giant cockroach (D:1)
  7 goblins
  7 hobgoblins
  10 jackals (D:4)
  5 kobolds
  A quokka (D:4)
  4 ball pythons
  4 bats
  3 frilled lizards
  7 rats
101 creatures vanquished.

Vanquished Creatures (others)
  A fungus (D:4)
  A plant (D:4)
2 creatures vanquished.

Grand Total: 103 creatures vanquished

Notes
Turn   | Place    | Note
-------+----------+-------------------------------------------
     0 | D:1      | Oxelix the Minotaur Berserker began the quest for the Orb.
     0 | D:1      | Reached XP level 1. HP: 19/19 MP: 0/0
     2 | D:1      | You fall into a shaft and drop 1 floor!
    47 | D:1      | Reached skill level 4 in Axes
   136 | D:1      | Reached XP level 2. HP: 26/26 MP: 1/1
   629 | D:2      | Reached skill level 5 in Axes
   653 | D:2      | Reached XP level 3. HP: 27/31 MP: 2/2
  1079 | D:2      | Reached skill level 6 in Axes
  1079 | D:2      | Reached XP level 4. HP: 39/39 MP: 3/3
  1215 | D:2      | Reached ** piety under Trog
  1394 | D:3      | Reached skill level 7 in Axes
  1394 | D:3      | Reached XP level 5. HP: 34/45 MP: 4/4
  2100 | D:3      | Found a burning altar of Makhleb.
  2105 | D:3      | Found a hide-covered altar of Uskayaw.
  2109 | D:3      | Found a blossoming altar of Fedhas.
  2214 | D:4      | Noticed a phantom
  2224 | D:4      | Killed a phantom
  2225 | D:4      | Reached skill level 8 in Axes
  2225 | D:4      | Reached XP level 6. HP: 37/51 MP: 5/5
  2629 | D:4      | Reached skill level 9 in Axes
  2680 | D:4      | Reached *** piety under Trog
  2711 | D:4      | Found a shimmering blue altar of Sif Muna.
  2880 | D:4      | Found a staircase to the Ecumenical Temple.
  2919 | Temple   | Entered the Ecumenical Temple
  3201 | D:4      | Reached XP level 7. HP: 56/57 MP: 6/6
  3219 | D:4      | Reached skill level 10 in Axes
  3326 | D:4      | HP: 4/85 [gnoll/+0 spear (8)]
  3328 | D:4      | Slain by a gnoll

Illustrated notes

Levels and vault maps discovered:
D:1:      minmay_arrival_open_corners, layout_rooms, minmay_tromino_v7
D:2:      layout_basic, grunt_decor_resistance, chequers_serial_rivers_micro_b
D:3:      layout_loops_ring, grunt_temple_overflow_diamond
D:4:      lemuel_castle_with_subvaults [lemuel_castle_interior_carwin_2],
          layout_cave_pods, nicolae_sif_muna_condensation, temple_doors_e
Temple:   regret_index_temple_sphere_string

Skill      XL: |  1  2  3  4  5  6  7 |
---------------+----------------------+-----
Axes           | 4 5 6 7 8 9 10 | 10.3
Fighting       | |  3.6
Armour         | |  2.4
Dodging        | |  2.1

Action                   |  1- 3 |  4- 6 |  7- 9 || total
-------------------------+-------+-------+-------++-------
Melee: Hand axe          |    63 |    50 |       ||   113
       Headbutt          |     3 |    23 |     4 ||    30
       Punch             |     1 |     2 |       ||     3
       War axe           |       |    93 |    24 ||   117
Invok: Berserk           |       |     1 |     1 ||     2
       Trog's Hand       |       |       |     1 ||     1
 Stab: Sleeping          |     1 |       |       ||     1
Armor: Ring mail         |    19 |    51 |    16 ||    86
       Animal skin       |     2 |       |       ||     2
Dodge: Dodged            |    29 |    83 |    18 ||   130

Table legend: (Time is in decaauts)
 A = Elapsed time spent in this place.
 B = Non-inter-level travel time spent in this place.
 C = Inter-level travel time spent in this place.
 D = Time resting spent in this place.
 E = Time spent auto-exploring this place.
 F = Levels seen in this place.
 G = Mean time per level.
                   A        B        C        D        E       F      G
               +--------+--------+--------+--------+--------+-----+--------+
         Total |   3353 |   3249 |    104 |    223 |   2329 |   5 |  670.6 |
       Dungeon |   3190 |   3104 |     86 |    223 |   2198 |   4 |  797.5 |
        Temple |    163 |    145 |     18 |      0 |    131 |   1 |  163.0 |
               +--------+--------+--------+--------+--------+-----+--------+

Top non-repeatable levels by time:
     D:4: 960 daAuts
     D:3: 908 daAuts
     D:2: 733 daAuts
     D:1: 587 daAuts
  Temple: 163 daAuts
